 Dungeon Crawl Stone Soup version 0.31-a0-819-gf6de2f5ab6 (webtiles) character file.

Game seed: 18153643368322860454

7884 WhatIsLove the Thaumaturge (level 11, -23/65 HPs)
             Began as a Djinni Fire Elementalist on Sept 24, 2023.
             Was a Believer of Makhleb.
             Annihilated by a +3 executioner's axe "Unon" {spect, rPois rF++ rCorr Dex-5} (26 damage)
             ... created by an orc warrior
             ... in a bailey.
             The game lasted 00:22:37 (10610 turns).

WhatIsLove the Thaumaturge (DjFE)                  Turns: 10610, Time: 00:22:37

Health: -23/65     AC:  6    Str: 10    XL:     11   Next: 45%
Gold:   423        EV: 12    Int: 21    God:    Makhleb [**....] SH:  0 Dex: 14

rFire   + + +        n - +2 falchion of Defilement {heavy, rPois Str+3 Stlth+}
rCold   x x .        (no shield)
rNeg    . . .        a - +0 robe
rPois   ∞            J - +1 helmet
rElec   .            K - +0 cloak
rCorr   .            u - +0 pair of gloves
SInv    .            (boots unavailable)
Will    +....        (no amulet)
Stlth   +++          k - ring of wizardry
HPRegen 0.30/turn    g - ring of fire
MPRegen 0.00/turn

%: wizardry (x1), infuse magic (-24 HP)
@: flying
A: sickness immunity, fire resistance 2, cold vulnerability 1, float, innate
caster, HP casting, extra vitality 1
a: Renounce Religion, Minor Destruction


You were in a bailey.
You worshipped Makhleb.
Makhleb was pleased with you.
You visited 2 branches of the dungeon, and saw 12 of its levels.
You also visited: Sewer and Bailey.

You collected 527 gold pieces.
You spent 104 gold pieces at shops.

Inventory:

Hand Weapons
 n - the +2 falchion of Defilement (weapon) {heavy, rPois Str+3 Stlth+}
   (You found it on level 3 of the Dungeon)

   Str+3:     It affects your strength (+3).
   rPois:     It protects you from poison Stlth+: It makes you more stealthy.
 p - the +5 woodcutter's axe
   (You found it on level 4 of the Dungeon)
Missiles
 e - a throwing net
Armour
 a - a +0 robe (worn)
 u - a +0 pair of gloves (worn)
 B - an orb of light
 J - a +1 helmet (worn)
 K - a +0 cloak (worn)
Magical Staves
 w - a staff of poison
Jewellery
 g - a ring of fire (right hand)
 k - a ring of wizardry (left hand)
Wands
 m - a wand of digging (4)
 o - a wand of light (10)
 t - a wand of polymorph (20)
 x - a wand of iceblast (10)
 H - a wand of charming (5)
Scrolls
 c - 3 scrolls of poison
 d - a scroll of noise {unknown}
 f - 4 scrolls of teleportation
 h - 3 scrolls of blinking
 j - 2 scrolls of enchant armour {unknown}
 q - 2 scrolls of summoning
 r - 2 scrolls of silence
 s - a scroll of revelation
 y - a scroll of fear
 I - a scroll of enchant weapon
 M - a scroll of immolation
Potions
 b - 4 potions of haste
 i - 3 potions of curing {unknown}
 l - a potion of experience {unknown}
 v - a potion of degeneration {unknown}
 z - 2 potions of enlightenment {unknown}
 A - a potion of attraction {unknown}
 C - a potion of magic {unknown}
 D - a potion of ambrosia {unknown}
 E - a potion of lignification {unknown}
 F - 2 potions of might {unknown}
 G - a potion of invisibility {unknown}
 N - a potion of berserk rage {unknown}
Miscellaneous
 L - a box of beasts


   Skills:
 - Level 2.1 Dodging
 - Level 1.5 Stealth
 * Level 13.0 Spellcasting
 * Level 13.0 Conjurations
 * Level 13.0 Hexes
 * Level 13.0 Summonings
 * Level 13.0 Necromancy
 * Level 13.0 Translocations
 * Level 13.0 Transmutations
 * Level 13.0 Fire Magic
 * Level 13.0 Ice Magic
 * Level 13.0 Air Magic
 * Level 13.0 Earth Magic
 * Level 13.0 Poison Magic


You knew the following spells:

 Your Spells              Type           Power      Damage    Failure   Level
a - Ignite Poison         Fire/Tmut/Pois 80%        N/A       1%          3
b - Dispel Undead         Necr           62%        3d22      1%          4
c - Iskenderun's Battles  Conj           62%        2d11      1%          5
f - Foxfire               Conj/Fire      100%       2x1d9     0%          1
i - Inner Flame           Hex/Fire       80%        N/A       1%          3
s - Scorch                Fire           100%       2d9       1%          2
v - Volatile Blastmotes   Fire/Tloc      100%       2d18      1%          3
w - Flame Wave            Conj/Fire      80%        2d17      1%          4
M - Magic Dart            Conj           100%       1d8       0%          1
P - Passwall              Tmut/Erth      51%        N/A       1%          2
Your spell library was empty.

Dungeon Overview and Level Annotations

Branches:
Dungeon (11/15)            Temple (1/1) D:7           Sewer (visited)
 Bailey (1/1)
   Lair: D:8-11         Orc: D:9-12

Altars:
Ashenzari
Cheibriados
Dithmenos
Elyvilon
Fedhas
Gozag
Hepliaklqana
Makhleb
Nemelex Xobeh
Okawaru
Qazlal
Ru
Trog
Uskayaw
Wu Jian
Xom
Yredelemnul
Zin
The Shining One

Shops:
D:3 :   D:4 ([[*   D:9 !(*

Annotations:
D:11 Sonja


Innate Abilities, Weirdness & Mutations

You are immune to sickness and miasma.
You are immune to poison.
Your flesh is very heat resistant. (rF++)
You are vulnerable to cold. (rC-)
You float through the air rather than walking.
You learn spells naturally, not from books.
Your magical power is your life essence.
You have superior vitality. (+4 MHP)


Message History

Casting: Inner Flame (safe; 1% risk of failure)
Confirm with . or Enter, or press ? or * to list all spells.
You feel a surge of power!
You conjure some foxfire!
* * * LOW HITPOINT WARNING * * *
The foxfire hits the orc warrior.
The orc warrior completely resists.
The foxfire hits the orc warrior.
The orc warrior resists.
Flame seeps out of the orc warrior.
The orc warrior is lightly wounded.
Unknown command.
Casting: Foxfire (safe; 0% risk of failure)
Confirm with . or Enter, or press ? or * to list all spells.
You feel a surge of power!
You conjure some foxfire!
* * * LOW HITPOINT WARNING * * *
The foxfire hits the orc warrior.
The orc warrior completely resists.
The orc warrior is lightly wounded.
The foxfire hits the orc warrior.
The orc warrior resists.
Flame seeps out of the orc warrior.
The orc warrior is lightly wounded.
The orc warrior is engulfed in blazing flames.
Flame seeps out of the orc warrior.
Casting: Foxfire (safe; 0% risk of failure)
Confirm with . or Enter, or press ? or * to list all spells.
You feel a surge of power!
You conjure some foxfire!
* * * LOW HITPOINT WARNING * * *
The orc warrior is engulfed in blazing flames.
Flame seeps out of the orc warrior.
The foxfire hits the orc warrior.
The orc warrior completely resists.
The orc warrior is moderately wounded.
The foxfire hits the orc warrior but does no damage.
The orc warrior is moderately wounded.
Unknown command.
Casting: Foxfire (safe; 0% risk of failure)
Confirm with . or Enter, or press ? or * to list all spells.
You feel a surge of power!
A cloud of volatile blastmotes flares up around you!
* * * LOW HITPOINT WARNING * * *
The orc warrior hits you with the +3 executioner's axe "Unon" {spect, rPois rF++ rCorr Dex-5}!
* * * LOW HITPOINT WARNING * * *
The +3 executioner's axe "Unon" {spect, rPois rF++ rCorr Dex-5} hits you!!
You die...

....##o#########.##.....)......#
....##.'.# #)'.##...)..).....#
....##)### ###.##............#
....##.'.# #)'.##............
....##o### ###)##............
.....#o. #.○##............
.....##. #§)§.............
......##. #(o○.............
.≈≈≈...## #.R§.≈≈≈.≈≈......
.##≈....#######..§.≈##.#≈≈.....
.∩#≈...............≈#∩.##≈.....
.)).....................#≈....
.##≈...............≈##.##≈....
##≈≈...............≈≈### ....
≈≈≈.................≈≈≈≈≈ ...
.......................... ..
.......................... .


You could see an orc warrior (inner flame) and a +3 executioner's axe "Unon"
{spect, rPois rF++ rCorr Dex-5} (wandering).

Vanquished Creatures
  Pikel (D:7)
  An orc knight (Bailey)
  Maurice (D:8)
  An elephant (shapeshifter) (D:9)
  The ghost of shbulbulush the Ruffian, an amateur TrGl (D:4)
  A hornet (D:10)
  Prince Ribbit (D:5)
  A vampire (D:10)
  A wraith (D:8)
  A steam dragon (D:6)
  A water moccasin (D:8)
  12 orc warriors
  3 ice beasts
  A black bear (D:4)
  An ogre (D:6)
  3 centaurs
  4 lemures (D:7)
  2 phantoms (D:4)
  Blork the orc (D:4)
  5 scorpions
  4 bullfrogs
  5 gnoll sergeants
  A water moccasin zombie (D:4)
  17 killer bees
  6 howler monkeys
  An electric eel (D:6)
  A hound (D:6)
  2 jellies
  2 gnoll boudas
  4 orc priests
  5 iguanas
  Natasha (thrice) (D:4)
  7 orc wizards
  A howler monkey zombie (D:4)
  9 adders
  36 gnolls
  2 shadow imps
  3 white imps
  2 ufetubi
  3 worms
  A dart slug (D:4)
  32 orcs
  6 endoplasms
  11 giant cockroaches
  7 hobgoblins
  4 jackals (D:1)
  5 quokkas
  6 ball pythons
  8 bats
  8 frilled lizards
  9 goblins
  5 kobolds
  5 rats
264 creatures vanquished.

Vanquished Creatures (others)
  1032 foxfires
1032 creatures vanquished.

Grand Total: 1296 creatures vanquished

Notes
Turn   | Place    | Note
-------+----------+-------------------------------------------
     0 | D:1      | WhatIsLove the Djinni Fire Elementalist began the quest for
                  | the Orb.
     0 | D:1      | WhatIsLove set off with the following spells memorised:
                  | Foxfire, Scorch, Volatile Blastmotes, Inner Flame, Flame
                  | Wave.
     0 | D:1      | Reached XP level 1. HP: 15/15 MP: 0/0
   146 | D:1      | Reached XP level 2. HP: 12/21 MP: 0/0
   742 | D:2      | Reached XP level 3. HP: 22/25 MP: 0/0
   742 | D:2      | Learned a level 1 spell: Magic Dart
  1079 | D:2      | Reached XP level 4. HP: 25/31 MP: 0/0
  1657 | D:2      | Found a faded altar of an unknown god.
  2268 | D:3      | Reached XP level 5. HP: 29/35 MP: 0/0
  2268 | D:3      | Learned a level 2 spell: Passwall
  2327 | D:3      | Found Weruckon's Book Shoppe.
  2546 | D:3      | Identified the +2 falchion of Defilement {heavy, rPois
                  | Str+3 Stlth+}
  2795 | D:4      | Reached skill level 5 in Spellcasting
  2795 | D:4      | Reached skill level 5 in Conjurations
  2795 | D:4      | Reached skill level 5 in Hexes
  2795 | D:4      | Reached skill level 5 in Summonings
  2795 | D:4      | Reached skill level 5 in Necromancy
  2795 | D:4      | Reached skill level 5 in Translocations
  2795 | D:4      | Reached skill level 5 in Transmutations
  2795 | D:4      | Reached skill level 5 in Fire Magic
  2795 | D:4      | Reached skill level 5 in Ice Magic
  2795 | D:4      | Reached skill level 5 in Air Magic
  2795 | D:4      | Reached skill level 5 in Earth Magic
  2795 | D:4      | Reached skill level 5 in Poison Magic
  2797 | D:4      | Reached XP level 6. HP: 19/40 MP: 0/0
  2811 | D:4      | Noticed Natasha
  2818 | D:4      | Killed Natasha
  2935 | D:4      | Found a transporter.
  2937 | D:4      | Noticed shbulbulush's ghost (amateur TrGl)
  3051 | D:4      | Found Pur Doaff's Antique Armour Shop.
  3152 | D:4      | Reached XP level 7. HP: 17/45 MP: 0/0
  3152 | D:4      | Learned a level 3 spell: Ignite Poison
  3371 | D:4      | Found the +5 woodcutter's axe
  3400 | D:4      | Found Hitead's Assorted Antiques.
  3408 | D:4      | Bought a scroll labelled ESIN DALUWAKK for 26 gold pieces
  3408 | D:4      | Bought a scroll labelled MIFAETRULL for 26 gold pieces
  3408 | D:4      | Bought a scroll labelled TIASSO MALIH for 26 gold pieces
  3408 | D:4      | Bought a scroll labelled ZOUMAJEDOI for 26 gold pieces
  3564 | D:4      | Noticed Blork the orc
  3571 | D:4      | Killed Blork the orc
  3641 | D:4      | Reached XP level 8. HP: 29/50 MP: 0/0
  3699 | D:4      | Noticed Natasha
  3703 | D:4      | Killed Natasha
  3762 | D:4      | Noticed Natasha
  3766 | D:4      | Killed Natasha
  3922 | D:4      | Found Igizant's Weapon Emporium.
  4025 | D:4      | Found a transporter.
  4194 | D:4      | Found Bimejeuf's Armour Boutique.
  4324 | D:5      | Entered Level 5 of the Dungeon
  4615 | D:5      | Found a glowing drain.
  4619 | Sewer    | Entered a sewer
  5038 | D:5      | Noticed Prince Ribbit
  5042 | D:5      | Killed Prince Ribbit
  5043 | D:5      | Reached XP level 9. HP: 50/55 MP: 0/0
  5043 | D:5      | Learned a level 4 spell: Dispel Undead
  6025 | D:6      | Found a shimmering altar of Xom.
  6278 | D:6      | Found a sparkling altar of Nemelex Xobeh.
  6426 | D:4      | Killed shbulbulush's ghost
  6427 | D:4      | Reached skill level 10 in Spellcasting
  6427 | D:4      | Reached skill level 10 in Conjurations
  6427 | D:4      | Reached skill level 10 in Hexes
  6427 | D:4      | Reached skill level 10 in Summonings
  6427 | D:4      | Reached skill level 10 in Necromancy
  6427 | D:4      | Reached skill level 10 in Translocations
  6427 | D:4      | Reached skill level 10 in Transmutations
  6427 | D:4      | Reached skill level 10 in Fire Magic
  6427 | D:4      | Reached skill level 10 in Ice Magic
  6427 | D:4      | Reached skill level 10 in Air Magic
  6427 | D:4      | Reached skill level 10 in Earth Magic
  6427 | D:4      | Reached skill level 10 in Poison Magic
  6568 | D:7      | Found a staircase to the Ecumenical Temple.
  6576 | Temple   | Entered the Ecumenical Temple
  6591 | Temple   | Became a worshipper of Makhleb the Destroyer
  6679 | D:7      | Reached XP level 10. HP: 56/60 MP: 0/0
  6923 | D:7      | Noticed Pikel
  6943 | D:7      | Killed Pikel
  7764 | D:8      | Found an iron altar of Okawaru.
  7766 | D:8      | Found a stormy altar of Qazlal.
  8352 | D:8      | Noticed Maurice
  8357 | D:8      | Killed Maurice
  8412 | D:8      | Reached * piety under Makhleb
  9028 | D:9      | Found Kiyras's Assorted Antiques.
  9256 | D:9      | Found Juelapu's Distillery.
  9274 | D:9      | Found Ygich's Antique Weapon Shop.
  9298 | D:9      | Reached XP level 11. HP: 22/65 MP: 0/0
  9298 | D:9      | Learned a level 5 spell: Iskenderun's Battlesphere
  9302 | D:9      | Noticed a centaur warrior
  9549 | D:9      | Reached ** piety under Makhleb
  9552 | D:9      | Noticed an elephant
  9559 | D:9      | Killed an elephant
  9671 | D:9      | Noticed a skeletal warrior
  9674 | D:10     | Entered Level 10 of the Dungeon
  9800 | D:10     | You are sucked into a shaft and drop 1 floor!
  9807 | D:11     | Noticed a cyclops
  9820 | D:11     | Noticed Sonja
  9919 | D:10     | Found a flagged portal.
  9924 | Bailey   | Entered a bailey
 10574 | Bailey   | Noticed an orc knight
 10598 | Bailey   | Killed an orc knight
 10598 | Bailey   | Identified the +3 executioner's axe "Unon" {spect, rPois
                  | rF++ rCorr Dex-5}
 10610 | Bailey   | HP: 3/65 [orc warrior/the +3 executioner's axe "Unon"
                  | {spect, rPois rF++ rCorr Dex-5} (9)]
 10610 | Bailey   | Annihilated by a +3 executioner's axe "Unon" {spect, rPois
                  | rF++ rCorr Dex-5}

Illustrated notes

Levels and vault maps discovered:
D:1:      lemuel_arrival_rhombus, layout_rooms
D:2:      wad_pebble_path, layout_basic, shapermc_ecumenical_altar_totnotflames
D:3:      layout_loops_ring, serial_shops, shop, nicolae_houndstooth_variations
D:4:      layout_basic, serial_shops, shop, nicolae_shop_peninsula, shop, shop,
          gammafunk_ghost_mausoleum, minmay_misc_feat_plants,
          pf_guarded_unrand_woodcutter, uniq_blork_the_orc, uniq_natasha
D:5:      layout_rooms, gup_sewer_entry_spiral, uniq_prince_ribbit1
D:6:      layout_loops_ring, xom_teletrap_fun, nemelex_dance_club_becter,
          minivault_27, dk_vineyard_2, amcnicky_mini_rare_corridor_liquid,
          minivault_23, kennysheep_cluttered_room
D:7:      layout_basic, minmay_temple_entry_wispy, uniq_pikel
D:8:      layout_loops_corners, nicolae_overflow_hidden_temple, uniq_maurice
D:9:      minmay_curly_fans, layout_basic, lair_entry_dummy, serial_shops, shop,
          shop, nicolae_shop_gibbet_a_chance, shop
D:10:     layout_layer_cave, enter_bailey_3
D:11:     lemuel_reptile_caves, layout_rooms, portal_ice_cave_entry_imps,
          gauntlet_entry_generic, uniq_sonja
Temple:   nicolae_temple_bog_church
Bailey:   bailey_polearm_2, bailey

Skill      XL: |  1  2  3  4  5  6  7  8  9 10 11 |
---------------+----------------------------------+-----
Spellcasting   | 4 5 6 8 10 12 13 | 13.0
Conjurations   | 4 5 6 8 10 12 13 | 13.0
Hexes          | 4 5 6 8 10 12 13 | 13.0
Summonings     | 4 5 6 8 10 12 13 | 13.0
Necromancy     | 4 5 6 8 10 12 13 | 13.0
Translocations | 4 5 6 8 10 12 13 | 13.0
Transmutations | 4 5 6 8 10 12 13 | 13.0
Fire Magic     | 4 5 6 8 10 12 13 | 13.0
Ice Magic      | 4 5 6 8 10 12 13 | 13.0
Air Magic      | 4 5 6 8 10 12 13 | 13.0
Earth Magic    | 4 5 6 8 10 12 13 | 13.0
Poison Magic   | 4 5 6 8 10 12 13 | 13.0
Dodging        | |  2.1
Stealth        | |  1.5

Action                     |  1- 3 |  4- 6 |  7- 9 | 10-12 || total
---------------------------+-------+-------+-------+-------++-------
  Melee: Unarmed           |     7 |     6 |       |       ||    13
         Falchion          |       |     4 |     8 |     1 ||    13
         Punch             |       |       |     1 |       ||     1
   Cast: Foxfire           |    83 |   127 |   234 |   176 ||   620
         Scorch            |     3 |     5 |    23 |    41 ||    72
         Flame Wave        |       |     2 |     2 |     3 ||     7
         Inner Flame       |       |     1 |    11 |    29 ||    41
         Volatile Blastmot |       |       |     2 |    23 ||    25
    Use: Scroll            |       |       |       |     9 ||     9
         Potion            |       |       |       |     1 ||     1
 Armour: Robe              |    11 |    11 |    19 |    58 ||    99
  Dodge: Dodged            |     9 |    19 |    23 |    45 ||    96

Table legend: (Time is in decaauts)
 A = Elapsed time spent in this place.
 B = Non-inter-level travel time spent in this place.
 C = Inter-level travel time spent in this place.
 D = Time resting spent in this place.
 E = Time spent auto-exploring this place.
 F = Levels seen in this place.
 G = Mean time per level.
                   A        B        C        D        E       F      G
               +--------+--------+--------+--------+--------+-----+--------+
         Total |  10609 |  10283 |    326 |    603 |   7668 |  14 |  757.8 |
       Dungeon |   9565 |   9266 |    299 |    301 |   7292 |  11 |  869.5 |
        Temple |     29 |      2 |     27 |      0 |      0 |   1 |   29.0 |
         Sewer |    328 |    328 |      0 |      0 |    244 |   1 |  328.0 |
        Bailey |    685 |    685 |      0 |    302 |    132 |   1 |  685.0 |
               +--------+--------+--------+--------+--------+-----+--------+

Top non-repeatable levels by time:
     D:4: 1662 daAuts
     D:8: 1228 daAuts
     D:2: 1178 daAuts
     D:6: 1107 daAuts
     D:7: 1008 daAuts
     D:3: 893 daAuts
     D:9: 819 daAuts
     D:5: 708 daAuts
     D:1: 708 daAuts
  Bailey: 685 daAuts
   Sewer: 328 daAuts
    D:10: 227 daAuts
  Temple: 29 daAuts
    D:11: 21 daAuts
